Unix NetHack Version 5.0.0-0 post-release - last build Jun 10 2026 00:39:30 (3ee93aec679c4c4259841fe613dc97188e26a321,branch:main).

Game began 2026-06-27 06:38:04, ended 2026-06-27 07:06:19.

DiePARTEI, neutral female human Tourist

                                                                       --
                                                                    ---.-
                                                                ----.....
                                                                 .......
                                                                -......
                                                                ......
                                                                 ....-
                                                                .....|
                                                              --.....--
                                                         --- --.-.....|
                                                  |   ----)---...G....--
                                                  |.............G......|
                                                  |.........%h..G@.....|
                                                  |  -----%..........---
                                                         |..---......|
                                                         |.-- |......-
                                                         |.-  --......|
                                                         |.     ......|
                                                         ---   ----.---
                                                                   --

DiePARTEI the Sightseer     St:10 Dx:11 Co:17 In:15 Wi:9 Ch:18  Neutral
Dlvl:7  $:363 HP:0(55) Pw:15(15) AC:-3 Xp:5 T:2571  Strained

Latest messages:
 You fall down the stairs.
 The gnome wields a crossbow!
 The crossbow welds itself to the gnome's hand!
 In what direction? 2
 You hear a door open.
 The gnome picks up a +2 dart.
 The gnome shoots 2 crossbow bolts!
 The 1st crossbow bolt misses you.
 The 2nd crossbow bolt misses you.
 The gnome shoots 2 crossbow bolts!
 The 1st crossbow bolt misses you.
 The 2nd crossbow bolt misses you.
 In what direction? 2
 You kill the gnome!
 You hear a door open.
 You feel an unexpected draft.
 You hear a door open.
 The dwarf wields a broad short sword!
 The gnome picks up a cursed crossbow.
 The gnome misses!
 The gnome strikes at your displaced image and misses you!
 The dwarf strikes at your displaced image and misses you!
 The dwarf throws a stout spear!
 The stout spear hits the gnome!
 The gnome is killed!
 The dwarf picks up 7 crossbow bolts.
 The gnome picks up a stout spear.
 You hear a door open.
 The dwarf picks up a +2 dart.
 The gnome picks up a scroll labeled KERNOD WEL.
 You hear a door open.
 In what direction? 4
 The dart hits the gnome lord!
 The gnome lord misses!
 The gnome picks up a cursed crossbow.
 The gnome wields a stout spear!
 The gnome lord misses!
 The gnome lord hits!
 The gnome strikes at your displaced image and misses you!
 The gnome lord hits!
 The gnome thrusts her stout spear.
 The gnome misses!
 You don't have enough stamina to move.
 The gnome lord misses!
 The gnome lord hits!
 The gnome thrusts her stout spear.
 The gnome hits!
 You die...
 Do you want your possessions identified? [ynq] (y) y
 Do you want to see your attributes? [ynq] (y) q

Inventory:
 Coins    ('$')
  $ - 363 gold pieces
 Amulets  ('"')
  B - an uncursed amulet of ESP
  w - an uncursed amulet of flying
 Weapons  (')')
  a - 16 +2 darts (at the ready)
 Armor    ('[')
  X - a cursed -2 dwarvish iron helm (being worn)
  O - a cursed +0 pair of elven boots
  Y - an uncursed +0 pair of iron shoes (being worn)
  U - an uncursed +0 cloak of displacement (being worn)
  x - an uncursed +0 mummy wrapping
  k - an uncursed +0 Hawaiian shirt with a hibiscus flower motif (being worn)
  t - a blessed +3 crystal plate mail (being worn)
 Comestibles  ('%')
  e - an uncursed slime mold
  g - 9 uncursed food rations
  y - an uncursed partly eaten food ration
  d - an uncursed fortune cookie
  c - an uncursed orange
  b - an uncursed tripe ration
  f - 2 uncursed eggs
 Scrolls  ('?')
  Q - an uncursed scroll of create monster
  q - an uncursed scroll of enchant armor
  A - a blessed scroll of enchant weapon
  j - 2 uncursed scrolls of magic mapping
 Spellbooks  ('+')
  R - an uncursed spellbook of cure sickness
 Potions  ('!')
  h - an uncursed potion of paralysis
  H - an uncursed potion of sickness
  C - an uncursed potion of water
 Rings    ('=')
  T - an uncursed ring of aggravate monster
  i - an uncursed ring of free action
  N - an uncursed +1 ring of gain constitution (on left hand)
  S - a cursed ring of sustain ability
 Wands    ('/')
  P - a wand of locking (0:6)
  I - a wand of make invisible (0:2)
  o - a wand of striking named empty (0:0)
 Tools    ('(')
  m - an uncursed credit card
  l - an expensive camera (0:78)
  v - an uncursed oil lamp
  u - an uncursed tallow candle
 Gems/Stones  ('*')
  s - an uncursed sapphire
  J - an uncursed worthless piece of green glass
  Z - 3 uncursed worthless pieces of red glass
  K - an uncursed worthless piece of violet glass
  L - an uncursed worthless piece of white glass
  p - an uncursed worthless piece of yellow glass
  r - 2 uncursed worthless pieces of yellowish brown glass
  z - a cursed loadstone

DiePARTEI the Tourist's attributes:

Background:
 You were a Sightseer, a level 5 female human Tourist.
 You were neutral, on a mission for The Lady
 who was opposed by Blind Io (lawful) and Offler (chaotic).
 You were right-handed.
 You were in the Gnomish Mines, on level 7.
 You entered the dungeon 2571 turns ago.
 You had 312 experience points, 8 more were needed to attain level 6.

Basics:
 You had 0 out of 55 hit points.
 You had all 15 energy points (spell power).
 Your armor class was -3.
 Your wallet contained 363 zorkmids.
 Autopickup was off.

Final Characteristics:
 Your strength was 10 (limit:18/100).
 Your dexterity was 11 (limit:18).
 Your constitution was 17 (base:16, limit:18).
 Your intelligence was 15 (limit:18).
 Your wisdom was 9 (limit:18).
 Your charisma was 18 (limit:18).

Final Status:
 You weren't hungry.
 You were strained; movement was very slowed.
 You were bare handed.
 You had basic skill with bare handed combat.

Final Attributes:
 You were piously aligned.
 You were displaced.
 You were guarded.
 You are dead.

Miscellaneous:
 You didn't encounter any bones levels.
 Total elapsed playing time was 28 minutes and 14 seconds.

Major events:
 Turn
    1: DiePARTEI the neutral female human Tourist entered the dungeon
  675: chose a runed dagger to be named "Sting"
 1745: attained the rank of Sightseer (level 3)
 1791: entered the Gnomish Mines
 2526: reached Mine Town
 2571: killed by a gnome

Spells:
 Name                 Level Category     Fail Retention
 healing                1   healing       58%  76%-100%
 dig                    5   matter       100%  76%-100%
 confuse monster        1   enchantment   50%  76%-100%
 invisibility           4   escape       100%  76%-100%
 cure sickness          3   healing      100%  76%-100%

Skills:
 Fighting Skills
   bare handed combat [Basic]
   two weapon combat  [Unskilled]
   riding             [Unskilled]
 Weapon Skills
   dagger             [Unskilled]
   knife              [Unskilled]
   axe                [Unskilled]
   pick-axe           [Unskilled]
   short sword        [Unskilled]
   broadsword         [Unskilled]
   long sword         [Unskilled]
   two-handed sword   [Unskilled]
   saber              [Unskilled]
   mace               [Unskilled]
   morning star       [Unskilled]
   flail              [Unskilled]
   hammer             [Unskilled]
   quarterstaff       [Unskilled]
   polearms           [Unskilled]
   spear              [Unskilled]
   trident            [Unskilled]
   lance              [Unskilled]
   bow                [Unskilled]
   sling              [Unskilled]
   crossbow           [Unskilled]
   dart               [Basic]
   shuriken           [Unskilled]
   boomerang          [Unskilled]
   whip               [Unskilled]
   unicorn horn       [Unskilled]
 Spellcasting Skills
   divination spells  [Unskilled]
   enchantment spells [Unskilled]
   escape spells      [Unskilled]

Voluntary challenges:
 Character rerolling was not enabled.
 You never hit with a wielded weapon.
 You never genocided any monsters.
 You never polymorphed an object.
 You never changed form.
 You used no wishes.
Achievements:
 You entered a shop.
 You attained the rank of Sightseer.
 You entered the Gnomish Mines.
 You entered Minetown.

 The Dungeons of Doom: levels 1 to 4
    Level 1:
       A grave.
    Level 2:
       A general store, many fountains.
    Level 3:
       Many fountains.
       Stairs down to The Gnomish Mines.
    Level 4:
 The Gnomish Mines: levels 4 to 7
    Level 4:
    Level 5:
    Level 6:
    Level 7: <- You were here.
       Final resting place for
          you, killed by a gnome.


Vanquished creatures:
  a dog
  a shrieker
  3 gnome leaders
  a kobold mummy
  a straw golem
  a giant ant
  a floating eye
  4 dwarves
  2 rothes
  a wererat
  a werejackal
  2 iguanas
  2 coyotes
  a hobbit
  a giant rat
  a brown mold
  a green mold
 23 gnomes
  a gecko
  7 jackals
  2 goblins
  a sewer rat
  7 grid bugs
  6 lichens
  2 kobold zombies
  7 newts
81 creatures vanquished.

No species were genocided or became extinct.

Game over:
                       ----------
                      /          \
                     /    REST    \
                    /      IN      \
                   /     PEACE      \
                  /                  \
                  |    DiePARTEI     |
                  |      363 Au      |
                  |   killed by a    |
                  |      gnome       |
                  |                  |
                  |                  |
                  |       2026       |
                 *|     *  *  *      | *
        _________)/\\_//(\/(/\)/\//\/|_)_______

Aloha DiePARTEI the Tourist...

You died in The Gnomish Mines on dungeon level 7 with 1830 points,
and 363 pieces of gold, after 2571 moves.
You were level 5 with a maximum of 55 hit points when you died.

